 Dungeon Crawl Stone Soup version 0.29-a0-344-ge2f44be95a (webtiles) character file.

Game seed: 15926318722582321057

8 Iusername the Covered (level 2, -2/27 HPs)
             Began as a Minotaur Fighter on Apr 21, 2022.
             Slain by a gnoll
             ... wielding a +0 spear
              (6 damage)
             ... on level 1 of the Dungeon.
             The game lasted 00:00:21 (87 turns).

Iusername the Covered (Minotaur Fighter)              Turns: 87, Time: 00:00:22

Health: -2/27      AC:  7    Str: 20    XL:     2   Next: 0%
Magic:  1/1        EV:  9    Int:  5    God:
Gold:   0          SH:  4    Dex:  9    Spells: 1/1 levels left

rFire   . . .      SeeInvis .   a - +0 war axe
rCold   . . .      Faith    .   c - +0 buckler
rNeg    . . .      Spirit   .   b - +0 scale mail
rPois   .          Reflect  .   (helmet restricted)
rElec   .          Harm     .   (no cloak)
rCorr   .          Rampage  .   (no gloves)
Will    .....                   (no boots)
Stlth   ..........              (no amulet)
HPRegen 0.09/turn               (no ring)
MPRegen 0.07/turn               (no ring)

@: no status effects
A: horns 2, retaliatory headbutt
a: no special abilities


You were on level 1 of the Dungeon.
You visited 1 branch of the dungeon, and saw 1 of its levels.

Inventory:

Hand Weapons
 a - a +0 war axe (weapon)
Armour
 b - a +0 scale mail (worn)
 c - a +0 buckler (worn)
Scrolls
 e - 2 scrolls of identify {unknown}
Potions
 d - a potion of might


   Skills:
 + Level 3.8 Fighting
 + Level 2.5 Axes
 + Level 3.9 Armour
 + Level 3.8 Shields


You had one spell level left.
You didn't know any spells.
Your spell library was empty.

Dungeon Overview and Level Annotations

Branches:
Dungeon (1/15)

Altars:


Innate Abilities, Weirdness & Mutations

You have a pair of horns on your head.
You reflexively headbutt those who attack you in melee.


Message History

An endoplasm comes into view.
The gnoll hits you from afar with a +0 spear.
Unknown command.
You are too injured to fight recklessly!
Unknown command.
You are too injured to fight recklessly!
Unknown command.
You are too injured to fight recklessly!
You are too injured to fight recklessly!
Unknown command.
You barely miss the endoplasm. You headbutt the endoplasm!
You kill the endoplasm!
You closely miss the giant cockroach. The giant cockroach closely misses you.
The gnoll closely misses you.
The giant cockroach bites you but does no damage.
You hit the giant cockroach.
The giant cockroach is moderately wounded.
The gnoll barely misses you. The giant cockroach barely misses you.
You hit the giant cockroach. You headbutt the giant cockroach.
You kill the giant cockroach!
The gnoll hits you but does no damage.
The gnoll hits you from afar with a +0 spear.
* * * LOW HITPOINT WARNING * * *
You block the endoplasm's attack.
You slash the endoplasm!
You kill the endoplasm!
The gnoll hits you but does no damage.
You have reached level 2!
The gnoll hits you with a +0 spear.
* * * LOW HITPOINT WARNING * * *
You see here a giant cockroach corpse.
A kobold comes into view. It is wielding a +0 dagger.
Found a scroll labelled XUNELO MORGHU.
The gnoll hits you but does no damage.
The kobold moves out of view.
The gnoll hits you with a +0 spear.
* * * LOW HITPOINT WARNING * * *
You closely miss the gnoll. The gnoll barely misses you.
You furiously retaliate!
You headbutt the gnoll! The gnoll hits you with a +0 spear.
You die...

##### #.#.# ##
##...######.#.# ...
.....'........###.##
.
##...######........#
.. #...# #....##..#
... #####
#.#......#....
#.#.†.#.....#
#.#)†g...#.
#.K...@..#
#.....#.#)....
..........# #.##
...?........
.######..#### ##.#
... #.?


You could see a gnoll and a kobold.

Vanquished Creatures
  4 endoplasms (D:1)
  A giant cockroach (D:1)
  A ball python (D:1)
  A kobold (D:1)
7 creatures vanquished.

Notes
Turn   | Place    | Note
-------+----------+-------------------------------------------
     0 | D:1      | Iusername the Minotaur Fighter began the quest for the Orb.
     0 | D:1      | Reached XP level 1. HP: 19/19 MP: 0/0
    84 | D:1      | Reached XP level 2. HP: 7/27 MP: 1/1
    87 | D:1      | Slain by a gnoll

Illustrated notes

Levels and vault maps discovered:
D:1:      minmay_arrival_three_doors, layout_basic, serial_shops,
          nicolae_shop_behind_doors, roderic_roman_lattice

Action                   || total
-------------------------++-------
Melee: War axe           ||    10
       Headbutt          ||     2
Armor: Scale mail        ||     8
Dodge: Dodged            ||     9
Block: Buckler           ||     2

Table legend: (Time is in decaauts)
 A = Elapsed time spent in this place.
 B = Non-inter-level travel time spent in this place.
 C = Inter-level travel time spent in this place.
 D = Time resting spent in this place.
 E = Time spent auto-exploring this place.
 F = Levels seen in this place.
 G = Mean time per level.
                   A        B        C        D        E       F      G
               +--------+--------+--------+--------+--------+-----+--------+
         Total |     90 |     90 |      0 |      0 |     67 |   1 |   90.0 |
       Dungeon |     90 |     90 |      0 |      0 |     67 |   1 |   90.0 |
               +--------+--------+--------+--------+--------+-----+--------+

Top non-repeatable levels by time:
     D:1: 90 daAuts
